 Dungeon Crawl Stone Soup version 0.28.0 (webtiles) character file.

Game seed: 9926611893370335708

8 Prodoman the Magician (level 2, 19/19 HPs)
             Began as a Demonspawn Hedge Wizard on Feb 4, 2022.
             Quit the game on level 1 of the Dungeon.
             The game lasted 00:00:58 (505 turns).

Prodoman the Magician (Demonspawn Hedge Wizard)      Turns: 505, Time: 00:00:59

Health: 19/19      AC:  2    Str: 10    XL:     2   Next: 0%
Magic:  4/6        EV: 12    Int: 15    God:
Gold:   13         SH:  0    Dex: 12    Spells: 6/7 levels left

rFire   . . .      SeeInvis .   a - +0 dagger
rCold   . . .      Faith    .   (no shield)
rNeg    . . .      Spirit   .   b - +0 robe
rPois   .          Reflect  .   c - +0 hat
rElec   .          Harm     .   (no cloak)
rCorr   .          Rampage  .   (no gloves)
Will    .....                   (no boots)
Stlth   ++........              (no amulet)
HPRegen 0.06/turn               (no ring)
MPRegen 0.10/turn               (no ring)

@: no status effects
A: weakness stinger 1
a: no special abilities


You were on level 1 of the Dungeon.
You visited 1 branch of the dungeon, and saw 1 of its levels.

You collected 13 gold pieces.

Inventory:

Hand Weapons
 a - a +0 dagger (weapon)
Armour
 b - a +0 robe (worn)
 c - a +0 hat (worn)


   Skills:
 + Level 1.9 Dodging
 + Level 1.9 Stealth
 * Level 3.1 Spellcasting
 + Level 1.2 Conjurations
 - Level 1.1 Summonings
 - Level 0.9 Translocations


You had 6 spell levels left.
You knew the following spells:

 Your Spells              Type           Power      Damage    Failure   Level
a - Magic Dart            Conj           24%        1d4       12%         1

Your spell library contained the following spells:

 Spells                   Type           Power      Damage    Failure   Level
 Call Imp                 Summ           5%         N/A       19%         2
 Slow                     Hex            8%         N/A       21%         1
 Blink                    Tloc           10%        N/A       21%         2
 Conjure Flame            Conj/Fire      4%         6-21      43%         3
 Mephitic Cloud           Conj/Pois/Air  3%         N/A       45%         3


Dungeon Overview and Level Annotations

Branches:
Dungeon (1/15)

Altars:


Innate Abilities, Weirdness & Mutations

You have a small tail.


Message History

The bat hits you but does no damage.
Hit: a) +0 dagger
Press: ? - help, Dir - move target, f/p - bat
Aim: a bat (severely wounded, about 52% to evade your +0 dagger)
You barely miss the bat.
The bat is severely wounded.
The bat misses you. The bat barely misses you.
Hit: a) +0 dagger
Press: ? - help, Dir - move target, f/p - bat
Aim: a bat (moderately wounded, about 52% to evade your +0 dagger)
You closely miss the bat.
The bat is moderately wounded.
The bat hits you but does no damage.
Hit: a) +0 dagger
Press: ? - help, Dir - move target, f/p - bat
Aim: a bat (moderately wounded, about 52% to evade your +0 dagger)
You hit the bat.
The bat is severely wounded.
The bat hits you but does no damage.
Hit: a) +0 dagger
Press: ? - help, Dir - move target, f/p - bat
Aim: a bat (severely wounded, about 52% to evade your +0 dagger)
You hit the bat.
You kill the bat!
A rat comes into view.
There is an open door here.
A rat is nearby!
Casting: Magic Dart (safe; 12% risk of failure)
Confirm with . or Enter, or press ? or * to list all spells.
Aiming: Magic Dart (safe; 12% risk of failure)
Press: ? - help, Shift-Dir - straight line, f - rat
Aim: a rat (asleep, 100% to hit)
The magic dart hits the rat.
You kill the rat!
You have reached level 2!
You feel monstrous as your demonic heritage exerts itself.
Your demonic ancestry asserts itself...
You grow a small tail.
Are you sure you want to abandon this character and quit the game? (Confirm with "yes".)

######### ........#
#######@##
#........##...######
#........##...#....#
.........##...#....#
.........##...#....#
.........##...#....#
#........##...#....#
#######†###...#....#
#...'...+....#


There were no monsters in sight!

Vanquished Creatures
  A dart slug (D:1)
  A hobgoblin (D:1)
  A ball python (D:1)
  A bat (D:1)
  2 frilled lizards (D:1)
  A kobold (D:1)
  A rat (D:1)
8 creatures vanquished.

Notes
Turn   | Place    | Note
-------+----------+-------------------------------------------
     0 | D:1      | Prodoman the Demonspawn Hedge Wizard began the quest for
                  | the Orb.
     0 | D:1      | Reached XP level 1. HP: 13/13 MP: 4/4
   505 | D:1      | Discovered your monstrous ancestry.
   505 | D:1      | Gained mutation: You have a small tail. [demonic ancestry]
   505 | D:1      | Reached XP level 2. HP: 19/19 MP: 4/6
   505 | D:1      | Quit the game

Illustrated notes

Levels and vault maps discovered:
D:1:      dpeg_arrival_water_temple_mockup, layout_basic

Action                   || total
-------------------------++-------
Melee: Dagger            ||    10
 Cast: Magic Dart        ||    18
Armor: Robe              ||     4
Dodge: Dodged            ||     7
